| TOP OF THE 1ST |
|
Guadalajara Marianchis batting - Pitching for San Jose Volcanoes : RHP Frank Wills
|
|
Pitching: RHP Frank Wills
|
|
|
Batting: RHB Edward Gates
|
0-0: Ball 1-0: Foul Ball, location: 2F 1-1: SINGLE (Line Drive, 8RS, EV 101.9 MPH)
|
|
Batting: LHB Arnulfo Camacho
|
0-0: Called Strike Edward Gates steals 2nd base 0-1: Swinging Strike 0-2: Ball 1-2: Ball 2-2: Ball Wild Pitch! Edward Gates to third 3-2: Base on Balls
|
|
Batting: RHB Reggie Whittemore
|
0-0: Ball 1-0: Called Strike 1-1: Ball 2-1: Ball 3-1: Called Strike 3-2: Foul Ball, location: 2F 3-2: Strikes out looking Arnulfo Camacho steals 2nd base Batter strikes out.
|
|
Batting: RHB Jeff R Jones
|
0-0: Ball 1-0: Foul Ball, location: 2F 1-1: Foul Ball, location: 2F 1-2: Ball 2-2: Foul Ball, location: 2F 2-2: Ball 3-2: Base on Balls
|
|
Batting: RHB George Foussianes
|
0-0: Ball 1-0: Ball 2-0: Called Strike 2-1: Ball 3-1: Base on Balls Edward Gates scores Arnulfo Camacho to third Jeff R Jones to second
|
|
Batting: RHB Mark Maher
|
0-0: Ball 1-0: Fly out, F7 (Flyball, 7, EV 83.1 MPH) Runner from 3rd tags up, SCORES, throw by LF
|
|
Batting: RHB Douglas Wabeke
|
0-0: Fly out, F8 (Line Drive, 89M, EV 104.4 MPH)
|
| Top of the 1st over - 2 runs, 1 hit, 0 errors, 2 left on base; Guadalajara 2 - San Jose 0 |
| BOTTOM OF THE 1ST |
|
San Jose Volcanoes batting - Pitching for Guadalajara Marianchis : LHP Ronald Hall
|
|
Pitching: LHP Ronald Hall
|
|
|
Batting: RHB Lyle Brackenridge
|
0-0: Ball 1-0: Ball 2-0: Ball 3-0: Foul Ball, location: 2F 3-1: Base on Balls
|
|
Batting: RHB Ricky McMullen
|
0-0: Called Strike 0-1: Ball 1-1: Ball 2-1: Fly out, F8 (Flyball, 8RM, EV 95.0 MPH)
|
|
Batting: LHB Jim Eisenreich
|
0-0: Foul Ball, location: 2F 0-1: Ball 1-1: Swinging Strike 1-2: TRIPLE (Flyball, 78XD, EV 113.8 MPH) Lyle Brackenridge scores
|
|
Batting: LHB Stanley Davis
|
0-0: Ball 1-0: Swinging Strike 1-1: Ball 2-1: Ball 3-1: SINGLE (Groundball, 4D, EV 103.8 MPH) Jim Eisenreich scores
|
|
Batting: RHB Cesare Pierpaoli
|
0-0: Ball 1-0: Called Strike Stanley Davis steals 2nd base 1-1: Ball 2-1: Ground out 5-3 (Groundball, 56, EV 80.6 MPH)
|
|
Batting: LHB Dave Baker
|
0-0: Foul Ball, location: 2F 0-1: Ball 1-1: Ball 2-1: Swinging Strike 2-2: Hit by Pitch
|
|
Batting: SHB Thomas Anthony
|
0-0: Called Strike 0-1: Ball 1-1: Swinging Strike 1-2: Ball 2-2: Ball 3-2: Base on Balls Stanley Davis to third Dave Baker to second
|
|
Batting: LHB Rod Booker
|
0-0: Ground out 1-3 (Groundball, 15S, EV 66.3 MPH)
|
| Bottom of the 1st over - 2 runs, 2 hits, 0 errors, 3 left on base; Guadalajara 2 - San Jose 2 |
| TOP OF THE 2ND |
|
Guadalajara Marianchis batting - Pitching for San Jose Volcanoes : RHP Frank Wills
|
|
Batting: RHB Steven Houlberg
|
0-0: Ball 1-0: Foul Ball, location: 2F 1-1: Ball 2-1: Foul Ball, location: 2F 2-2: Ball 3-2: Strikes out swinging
|
|
Batting: SHB Phillip Doktor
|
0-0: Ball 1-0: Swinging Strike 1-1: Ball 2-1: Fly out, F6 (Line Drive, 6, EV 58.1 MPH)
|
|
Batting: RHB Edward Gates
|
0-0: Called Strike 0-1: Ground out U3 (Groundball, 34S, EV 80.0 MPH)
|
| Top of the 2nd over - 0 runs, 0 hits, 0 errors, 0 left on base; Guadalajara 2 - San Jose 2 |
| BOTTOM OF THE 2ND |
|
San Jose Volcanoes batting - Pitching for Guadalajara Marianchis : LHP Ronald Hall
|
|
Batting: RHB Mark Nocciolo
|
0-0: Called Strike 0-1: Called Strike 0-2: Ball 1-2: Fly out, F8 (Flyball, 8RM, EV 97.5 MPH)
|
|
Batting: RHB Lyle Brackenridge
|
0-0: Ball 1-0: Ball 2-0: Ball 3-0: Called Strike 3-1: Base on Balls
|
|
Batting: RHB Ricky McMullen
|
0-0: Called Strike 0-1: Ball 1-1: Swinging Strike 1-2: Fly out, F4 (Popup, 4, EV 61.3 MPH)
|
|
Batting: LHB Jim Eisenreich
|
0-0: Called Strike 0-1: Called Strike 0-2: Foul Ball, location: 2F 0-2: Fly out, F8 (Line Drive, 8LM, EV 88.8 MPH)
|
| Bottom of the 2nd over - 0 runs, 0 hits, 0 errors, 1 left on base; Guadalajara 2 - San Jose 2 |
| TOP OF THE 3RD |
|
Guadalajara Marianchis batting - Pitching for San Jose Volcanoes : RHP Frank Wills
|
|
Batting: LHB Arnulfo Camacho
|
0-0: Ball 1-0: Ball 2-0: Ball 3-0: Called Strike 3-1: Fly out, F7 (Flyball, 78D, EV 86.3 MPH)
|
|
Batting: RHB Reggie Whittemore
|
0-0: Called Strike 0-1: Foul Ball, location: 2F 0-2: Foul Ball, location: 2F 0-2: Foul Ball, location: 2F 0-2: Ball 1-2: Foul Ball, location: 2F 1-2: Strikes out swinging
|
|
Batting: RHB Jeff R Jones
|
0-0: Swinging Strike 0-1: SINGLE (Line Drive, 8RS, EV 90.0 MPH)
|
|
Batting: RHB George Foussianes
|
0-0: Ball Jeff R Jones is caught stealing 2nd base 2-4
|
| Top of the 3rd over - 0 runs, 1 hit, 0 errors, 0 left on base; Guadalajara 2 - San Jose 2 |
| BOTTOM OF THE 3RD |
|
San Jose Volcanoes batting - Pitching for Guadalajara Marianchis : LHP Ronald Hall
|
|
Batting: LHB Stanley Davis
|
0-0: Reached on error, E6 (Groundball, 6M, EV 85.6 MPH)
|
|
Batting: RHB Cesare Pierpaoli
|
0-0: Ball 1-0: Ball 2-0: Ball 3-0: Called Strike 3-1: Foul Ball, location: 2F 3-2: Fly out, F8 (Line Drive, 8RD, EV 98.1 MPH)
|
|
Batting: LHB Dave Baker
|
0-0: Ball 1-0: Ball 2-0: Fly out, F8 (Flyball, 89M, EV 94.4 MPH)
|
|
Batting: SHB Thomas Anthony
|
0-0: Called Strike 0-1: Foul Ball, location: 2F 0-2: Fly out, F8 (Line Drive, 8LM, EV 85.6 MPH)
|
| Bottom of the 3rd over - 0 runs, 0 hits, 1 error, 1 left on base; Guadalajara 2 - San Jose 2 |
| TOP OF THE 4TH |
|
Guadalajara Marianchis batting - Pitching for San Jose Volcanoes : RHP Frank Wills
|
|
Batting: RHB George Foussianes
|
0-0: Ball 1-0: Called Strike 1-1: Foul Ball, location: 2F 1-2: Foul Ball, location: 2F 1-2: Fly out, F9 (Line Drive, 9, EV 100.6 MPH)
|
|
Batting: RHB Mark Maher
|
0-0: Ball 1-0: Called Strike 1-1: TRIPLE (Line Drive, 89XD, EV 102.5 MPH)
|
|
Batting: RHB Douglas Wabeke
|
0-0: Called Strike 0-1: Swinging Strike 0-2: Ground out 4-3 (Groundball, 4, EV 84.4 MPH) Mark Maher scores
|
|
Batting: RHB Steven Houlberg
|
0-0: Swinging Strike 0-1: Called Strike 0-2: Strikes out swinging
|
| Top of the 4th over - 1 run, 1 hit, 0 errors, 0 left on base; Guadalajara 3 - San Jose 2 |
| BOTTOM OF THE 4TH |
|
San Jose Volcanoes batting - Pitching for Guadalajara Marianchis : LHP Ronald Hall
|
|
Batting: LHB Rod Booker
|
0-0: Ball 1-0: Called Strike 1-1: Ball 2-1: Ball 3-1: Fly out, F7 (Flyball, 7, EV 74.4 MPH)
|
|
Batting: RHB Mark Nocciolo
|
0-0: Foul Ball, location: 2F 0-1: Ball 1-1: Ball 2-1: Ball 3-1: Base on Balls
|
|
Batting: RHB Lyle Brackenridge
|
0-0: Called Strike 0-1: Foul Ball, location: 2F 0-2: Ball 1-2: Ball Mark Nocciolo steals 2nd base 2-2: Ground out 1-3 (Groundball, 34S, EV 70.6 MPH) Mark Nocciolo to third
|
|
Batting: RHB Ricky McMullen
|
0-0: Fly out, F7 (Line Drive, 7, EV 90.0 MPH)
|
| Bottom of the 4th over - 0 runs, 0 hits, 0 errors, 1 left on base; Guadalajara 3 - San Jose 2 |
| TOP OF THE 5TH |
|
Guadalajara Marianchis batting - Pitching for San Jose Volcanoes : RHP Frank Wills
|
|
Batting: SHB Phillip Doktor
|
0-0: Ball 1-0: Fly out, F7 (Flyball, 78M, EV 91.3 MPH)
|
|
Batting: RHB Edward Gates
|
0-0: Called Strike 0-1: Called Strike 0-2: Ball 1-2: Strikes out looking
|
|
Batting: LHB Arnulfo Camacho
|
0-0: Ball 1-0: Foul Ball, location: 2F 1-1: Fly out, F9 (Line Drive, 9, EV 89.4 MPH)
|
| Top of the 5th over - 0 runs, 0 hits, 0 errors, 0 left on base; Guadalajara 3 - San Jose 2 |
| BOTTOM OF THE 5TH |
|
San Jose Volcanoes batting - Pitching for Guadalajara Marianchis : LHP Ronald Hall
|
|
Batting: LHB Jim Eisenreich
|
0-0: Ball 1-0: SINGLE (Line Drive, 7S, EV 98.8 MPH)
|
|
Batting: LHB Stanley Davis
|
0-0: Called Strike 0-1: Swinging Strike 0-2: Ball 1-2: SINGLE (Line Drive, 89S, EV 104.4 MPH) Jim Eisenreich to second
|
|
Batting: RHB Cesare Pierpaoli
|
0-0: Ball 1-0: Ball 2-0: Ball 3-0: Base on Balls Jim Eisenreich to third Stanley Davis to second
|
|
Batting: LHB Dave Baker
|
0-0: Ball 1-0: Ball 2-0: Called Strike 2-1: Grounds into double play, 4-6-3 (Groundball, 4, EV 85.0 MPH) Jim Eisenreich scores Stanley Davis to third
|
|
Batting: SHB Thomas Anthony
|
0-0: Ball 1-0: Called Strike 1-1: Ball 2-1: Foul Ball, location: 2F 2-2: Ball 3-2: Fly out, F3 (Popup, 3, EV 68.8 MPH)
|
| Bottom of the 5th over - 1 run, 2 hits, 0 errors, 1 left on base; Guadalajara 3 - San Jose 3 |
| TOP OF THE 6TH |
|
Guadalajara Marianchis batting - Pitching for San Jose Volcanoes : RHP Frank Wills
|
|
Batting: RHB Reggie Whittemore
|
0-0: Ball 1-0: Ball 2-0: Called Strike 2-1: Called Strike 2-2: Foul Ball, location: 2F 2-2: Foul Ball, location: 2F 2-2: SINGLE (Flyball, 89S, EV 88.1 MPH)
|
|
Batting: RHB Jeff R Jones
|
0-0: Foul Ball, location: 2F 0-1: Ball 1-1: Ball 2-1: TRIPLE (Flyball, 8LXD, EV 91.9 MPH) Reggie Whittemore scores
|
|
Batting: RHB George Foussianes
|
0-0: Called Strike 0-1: Ball 1-1: Swinging Strike 1-2: Fly out, F8 (Flyball, 8LD, EV 92.5 MPH) Runner from 3rd tags up, SCORES, throw by CF
|
|
Pitching: RHP Donald Moore
|
|
|
Batting: RHB Mark Maher
|
0-0: Swinging Strike 0-1: Ball 1-1: Ball 2-1: Foul Ball, location: 2F 2-2: Strikes out swinging
|
|
Batting: RHB Douglas Wabeke
|
0-0: Ball 1-0: Foul Ball, location: 2F 1-1: DOUBLE (Line Drive, 7LM, EV 106.9 MPH)
|
|
Batting: RHB Steven Houlberg
|
0-0: Called Strike 0-1: Ground out U3 (Groundball, 3, EV 86.9 MPH)
|
| Top of the 6th over - 2 runs, 3 hits, 0 errors, 1 left on base; Guadalajara 5 - San Jose 3 |
| BOTTOM OF THE 6TH |
|
San Jose Volcanoes batting - Pitching for Guadalajara Marianchis : LHP Ronald Hall
|
|
Batting: LHB Rod Booker
|
0-0: Foul Ball, location: 2F 0-1: Ball 1-1: Called Strike 1-2: SINGLE (Groundball, 56D, EV 96.3 MPH)
|
|
Batting: RHB Mark Nocciolo
|
0-0: Swinging Strike 0-1: Called Strike 0-2: Ball 1-2: Foul Ball, location: 2F 1-2: Grounds into double play, 6-4-3 (Groundball, 6, EV 85.6 MPH)
|
|
Batting: RHB Lyle Brackenridge
|
0-0: Called Strike 0-1: Foul Ball, location: 2F 0-2: SINGLE (Groundball, 6M, EV 102.5 MPH)
|
|
Pitching: RHP Michael Moore
|
|
|
Batting: RHB Ricky McMullen
|
0-0: Ball 1-0: Called Strike Lyle Brackenridge is caught stealing 2nd base 2-4
|
| Bottom of the 6th over - 0 runs, 2 hits, 0 errors, 0 left on base; Guadalajara 5 - San Jose 3 |
| TOP OF THE 7TH |
|
Guadalajara Marianchis batting - Pitching for San Jose Volcanoes : RHP Donald Moore
|
|
Batting: SHB Phillip Doktor
|
0-0: Ball 1-0: Reached on error, E3 (Groundball, 3L, EV 92.5 MPH)
|
|
Batting: RHB Edward Gates
|
0-0: Bunted foul 0-1: Ball 1-1: Sac Bunt to 23 - play at first, batter OUT! 3-4 Phillip Doktor to second
|
|
Batting: LHB Arnulfo Camacho
|
0-0: Ball 1-0: Foul Ball, location: 2F 1-1: Ground out 6-3 (Groundball, 6, EV 101.3 MPH)
|
|
Batting: RHB Reggie Whittemore
|
0-0: Called Strike 0-1: Swinging Strike 0-2: Foul Ball, location: 2F 0-2: Ball 1-2: Foul Ball, location: 2F 1-2: Strikes out looking
|
| Top of the 7th over - 0 runs, 0 hits, 1 error, 1 left on base; Guadalajara 5 - San Jose 3 |
| BOTTOM OF THE 7TH |
|
San Jose Volcanoes batting - Pitching for Guadalajara Marianchis : RHP Michael Moore
|
|
Batting: RHB Ricky McMullen
|
0-0: Foul Ball, location: 2F 0-1: Foul Ball, location: 2F 0-2: Foul Ball, location: 2F 0-2: Ground out 4-3 (Groundball, 4, EV 84.4 MPH)
|
|
Batting: LHB Jim Eisenreich
|
0-0: Called Strike 0-1: Ball 1-1: Ball 2-1: Ball 3-1: Fly out, F6 (Popup, P, EV 83.1 MPH)
|
|
Batting: LHB Stanley Davis
|
0-0: Ball 1-0: Ball 2-0: Ball 3-0: Called Strike 3-1: Base on Balls
|
|
Batting: RHB Cesare Pierpaoli
|
0-0: Ball 1-0: Foul Ball, location: 2F 1-1: Ball 2-1: Ball 3-1: Base on Balls Stanley Davis to second
|
|
Batting: LHB Dave Baker
|
0-0: Ball 1-0: Foul Ball, location: 2F 1-1: Ball 2-1: Ground out 5-3 (Groundball, 56S, EV 86.3 MPH)
|
| Bottom of the 7th over - 0 runs, 0 hits, 0 errors, 2 left on base; Guadalajara 5 - San Jose 3 |
| TOP OF THE 8TH |
|
Guadalajara Marianchis batting - Pitching for San Jose Volcanoes : RHP Donald Moore
|
|
Batting: RHB Jeff R Jones
|
0-0: Swinging Strike 0-1: Ball 1-1: Ball 2-1: Foul Ball, location: 2F 2-2: Ball 3-2: Base on Balls
|
|
Batting: RHB George Foussianes
|
0-0: Ball 1-0: Ball 2-0: Ball 3-0: Called Strike 3-1: Base on Balls Jeff R Jones to second
|
|
Batting: RHB Mark Maher
|
0-0: Ball 1-0: Swinging Strike 1-1: Grounds into double play, 6-4-3 (Groundball, 6M, EV 87.5 MPH) Jeff R Jones to third
|
|
Batting: RHB Douglas Wabeke
|
0-0: Called Strike 0-1: Called Strike 0-2: Ball 1-2: Strikes out swinging
|
| Top of the 8th over - 0 runs, 0 hits, 0 errors, 1 left on base; Guadalajara 5 - San Jose 3 |
| BOTTOM OF THE 8TH |
|
San Jose Volcanoes batting - Pitching for Guadalajara Marianchis : RHP Michael Moore
|
|
Batting: SHB Thomas Anthony
|
0-0: Called Strike 0-1: Foul Ball, location: 2F 0-2: Foul Ball, location: 2F 0-2: Ball 1-2: Strikes out swinging
|
|
Batting: LHB Rod Booker
|
0-0: Ball 1-0: Ball 2-0: Ball 3-0: Called Strike 3-1: Base on Balls
|
|
Pitching: LHP Giralldo Palmeira
|
|
|
Batting: RHB Mark Nocciolo
|
0-0: Foul Ball, location: 2F 0-1: Swinging Strike 0-2: Ball 1-2: Ball 2-2: Foul Ball, location: 2F 2-2: Ball 3-2: Strikes out looking
|
|
Batting: RHB Lyle Brackenridge
|
0-0: Swinging Strike 0-1: Foul Ball, location: 2F 0-2: Ball 1-2: Ball 2-2: Foul Ball, location: 2F 2-2: Foul Ball, location: 2F 2-2: Strikes out looking
|
| Bottom of the 8th over - 0 runs, 0 hits, 0 errors, 1 left on base; Guadalajara 5 - San Jose 3 |
| TOP OF THE 9TH |
|
Guadalajara Marianchis batting - Pitching for San Jose Volcanoes : RHP Donald Moore
|
|
Batting: RHB Steven Houlberg
|
0-0: Called Strike 0-1: Fly out, F8 (Flyball, 8LM, EV 90.0 MPH)
|
|
Batting: SHB Phillip Doktor
|
0-0: Ball 1-0: Ball 2-0: Foul Ball, location: 2F 2-1: Fly out, F5 (Popup, 25F, EV 86.9 MPH)
|
|
Batting: RHB Edward Gates
|
0-0: Ball 1-0: Swinging Strike 1-1: Foul Ball, location: 2F 1-2: Ball 2-2: Foul Ball, location: 2F 2-2: Foul Ball, location: 2F 2-2: Foul Ball, location: 2F 2-2: Ball 3-2: Fly out, F9 (Line Drive, 9, EV 96.3 MPH)
|
| Top of the 9th over - 0 runs, 0 hits, 0 errors, 0 left on base; Guadalajara 5 - San Jose 3 |
| BOTTOM OF THE 9TH |
|
San Jose Volcanoes batting - Pitching for Guadalajara Marianchis : LHP Giralldo Palmeira
|
|
Pitching: RHP Larry Rothschild
|
|
|
Batting: RHB Ricky McMullen
|
0-0: Foul Ball, location: 2F 0-1: Ball 1-1: Swinging Strike 1-2: Ball 2-2: Strikes out looking
|
|
Batting: LHB Jim Eisenreich
|
0-0: Called Strike 0-1: Ball 1-1: Ball 2-1: Called Strike 2-2: Fly out, F7 (Line Drive, 7D, EV 95.0 MPH)
|
|
Batting: LHB Stanley Davis
|
0-0: Ball 1-0: Ball 2-0: Called Strike 2-1: Ball 3-1: Base on Balls
|
|
Batting: RHB Cesare Pierpaoli
|
0-0: Fly out, F8 (Flyball, 8RM, EV 96.3 MPH)
|
| Bottom of the 9th over - 0 runs, 0 hits, 0 errors, 1 left on base; Guadalajara 5 - San Jose 3 |
|